 Dungeon Crawl Stone Soup version 0.18-a0-900-gbbf5c82 (webtiles) character file.

247 Duffy the Chopper (level 6, 37/37 HPs)
             Began as a Tengu Fighter on Dec 24, 2015.
             Quit the game on level 3 of the Dungeon.
             The game lasted 00:02:55 (3334 turns).

Duffy the Chopper (Tengu Fighter)                   Turns: 3334, Time: 00:02:55

Health: 37/37      AC: 10    Str: 18    XL:     6   Next: 11%
Magic:  7/7        EV:  9    Int:  9    God:
Gold:   156        SH:  0    Dex: 16    Spells: 0 memorised, 5 levels left

rFire  . . .     SeeInvis .     a - +0 war axe
rCold  . . .     Gourm    .     b - +0 scale mail
rNeg   . . .     Faith    .     (no shield)
rPois  .         Spirit   .     (helmet restricted)
rElec  .         Dismiss  .     r - +2 cloak
rCorr  .         Reflect  .     (no gloves)
SustAt .         Harm     .     (boots unavailable)
MR     .....                    D - amulet of inaccuracy (curse)
Stlth  ..........               (no ring)
                                t - +3 ring of dexterity

@: not resistant to hostile enchantments, extremely unstealthy
A: beak, talons 3, able to fly 1
a: Fly


You were on level 3 of the Dungeon.
You were not hungry.

You visited 1 branch of the dungeon, and saw 3 of its levels.

You collected 156 gold pieces.


Innate Abilities, Weirdness & Mutations

You have a beak for a mouth.
You have claws for feet.
You can fly.


   Skills:
 - Level 3.0 Fighting
 + Level 6.8 Axes
 - Level 3.2 Armour
 - Level 3.0 Shields


You had 5 spell levels left.
You didn't know any spells.

Inventory:

Hand Weapons
 a - a +0 war axe (weapon)
Missiles
 h - 6 curare-tipped needles
 n - 21 poisoned needles
Armour
 b - a +0 scale mail (worn)
 c - a +0 shield
 r - a +2 cloak (worn)
Jewellery
 t - a +3 ring of dexterity (left hand)
 D - a cursed amulet of inaccuracy (around neck)
Scrolls
 i - a scroll of recharging
 j - a scroll of fear
 p - 2 scrolls of magic mapping
 s - 4 scrolls of teleportation
Potions
 d - 3 potions of might
 e - a potion of flight {unknown}
 m - a potion of heal wounds {unknown}
 q - a potion of cure mutation {unknown}
 w - 2 potions of mutation {unknown}
 x - a potion of lignification {unknown}
 z - a potion of curing {unknown}
 A - a potion of agility {unknown}
 B - a potion of resistance {unknown}
Comestibles
 f - a bread ration
 l - a slice of pizza
 o - a meat ration
 u - 2 fruits
 v - a beef jerky
 C - a chunk of flesh

Dungeon Overview and Level Annotations

Branches:
Dungeon (3/15)

Altars:
Ashenzari
Gozag
Ru


Message History

You are feeling hungry.
Things that are here:
a dagger; a robe; an orc corpse You butcher the orc corpse.
C - 2 chunks of flesh
Things that are here:
a dagger; a robe Eating one of 2 chunks of flesh.
This raw flesh tastes terrible.
You continue eating. x2
Things that are here:
a short sword; a club; an orc skeleton Read which item? (? for menu, Esc to quit)
As you read the scroll labeled INTARO NOOCHI, it crumbles to dust.
You feel aware of your surroundings.
It was a scroll of magic mapping.
Read which item? (? for menu, Esc to quit)
As you read the scroll labeled CABRYN BUINI, it crumbles to dust.
You feel strangely unstable.
It was a scroll of teleportation.
Your surroundings suddenly seem different.
Read which item? (? for menu, Esc to quit)
As you read the scroll labeled ISCHAI CUODWUF, it crumbles to dust.
It is a scroll of identify.
Identify which item? (\ to view known items) (? for menu, Esc to quit)
i - a scroll of recharging Read which item? (? for menu, Esc to quit)
Identify which item? (\ to view known items) (? for menu, Esc to quit)
As you read the scroll of identify, it crumbles to dust.
j - a scroll of fear Read which item? (? for menu, Esc to quit)
As you read the scroll labeled GEICUKKIHI, it crumbles to dust.
The scroll dissolves into smoke.
It was a scroll of fog.
Read which item? (? for menu, Esc to quit)
As you read the scroll labeled FIERAOMNOSCH, it crumbles to dust.
You hear a loud clanging noise!
It was a scroll of noise.
Are you sure you want to abandon this character and quit the game? (Confirm with "yes".)

77.7 #.........#*,*,* 7..7
##.########*,*,* 7.77 #.#
*,*,* 7.77 #.# *,*,* 77.7
##.#########,*,* 77.77
#..........#,*,* 7.77
##>#######.#,*,* 7.7
###.#000...<#.#,* 7.7
#<#.#@#####.#.#,* 7.7
#.#.#000......#,* 7.7
##.#.#####.....#,* 77.7
#..#...........#,* 77.77
#.#..####......#,* 7.77
##...........####,*
####.#####...######...#_+,,*
...........### #...####**
############ #......#


There were no monsters in sight!

Action                   |  1- 3 |  4- 6 || total
-------------------------+-------+-------++-------
Melee: War axe           |    79 |   116 ||   195
  Use: Scroll            |       |     6 ||     6
  Eat: Chunk             |     2 |     6 ||     8

Notes
Turn   | Place    | Note
--------------------------------------------------------------
     0 | D:1      | Duffy the Tengu Fighter began the quest for the Orb.
     0 | D:1      | Reached XP level 1. HP: 14/14 MP: 2/2
   220 | D:1      | Reached skill level 3 in Axes
   220 | D:1      | Reached XP level 2. HP: 19/19 MP: 3/3
   720 | D:1      | Reached XP level 3. HP: 20/23 MP: 4/4
   748 | D:1      | Reached skill level 4 in Axes
  1141 | D:2      | Found an opulent altar of Gozag.
  1495 | D:2      | Reached XP level 4. HP: 28/28 MP: 5/5
  2008 | D:3      | Found a shattered altar of Ashenzari.
  2204 | D:3      | Noticed Terence
  2207 | D:3      | Killed Terence
  2207 | D:3      | Reached skill level 5 in Axes
  2452 | D:3      | Gained mutation: You can fly. [Tengu growth]
  2452 | D:3      | Reached XP level 5. HP: 32/32 MP: 6/6
  2887 | D:3      | Found a sacrificial altar of Ru.
  2940 | D:3      | Reached skill level 6 in Axes
  3118 | D:3      | Reached XP level 6. HP: 12/37 MP: 7/7
  3334 | D:3      | Quit the game

Vault maps used:
D:1:      minmay_arrival_nine_rooms, nrook_uturn, minmay_crystal_water
D:2:      nicolae_gozag_cash_rules_everything_around_me
D:3:      forest_paths, ashenzari_conservatory_becter, minmay_misc_feat_columns,
          grunt_decor_resistance, nicolae_ru_sacrificial_ziggurat, uniq_grinder,
          uniq_terence

Vanquished Creatures
  2 orc priests
  An orc wizard Terence
  5 adders
  An ooze
  3 worms
  A giant gecko
  6 orcs
  2 ball pythons
  3 giant cockroaches
  9 goblins
  8 hobgoblins
  A jackal
  A quokka
  12 bats
  7 giant newts
  8 kobolds
  7 rats
78 creatures vanquished.
